AoeStats
← jphilkill

Nomad

507240783Analyzed
4v4 RM · 16d ago on Sep 17, 2026· 45m 5s· 8 players
Game mode
Random Map
Map size
231×231
Population
200
Speed
Normal
Resources
Standard
Victory
Conquest
Starting age
Dark Age
Ending age
Imperial Age
RankedLock teamsTeams togetherTeam positionsShared explorationLock speedFull tech treeHidden civsTurbo modeCheats
Victory
Defeat
🇨🇿 Cumans · Czechia
983
+13
🇩🇪 Spanish · Germany
929
+15
🇩🇪 Huns · Germany
921
+15
🇪🇸 Vikings · Spain
896
+16
🇧🇩 Huns · Bangladesh
937
-15
🇨🇱 Tupi · Chile
933
-16
🇳🇿 Italians · New Zealand
902
-15
🇿🇦 Cumans · South Africa
871
-13
jphilkill
3:32 Loom
17:18 Feudal Age
22:11 Castle Age
20:57 Stone Mining
21:31 Gold Mining
27:18 Wheelbarrow
30:49 Horse Collar
42:33 Imperial Age
45:16 Heavy Plow
45:06 Double-Bit Axe
Bc. .
17:09 Feudal Age
17:26 Man-at-Arms
18:30 Scale Mail Armor
20:31 Forging
31:15 Horse Collar
31:21 Double-Bit Axe
32:13 Wheelbarrow
36:37 Castle Age
37:25 Long Swordsman
37:27 Capped Ram
38:44 Iron Casting
38:25 Chain Mail Armor
38:51 Squires
43:22 Bow Saw
43:15 Heavy Plow
46:58 Imperial Age
45:05 Wheelbarrow
44:15 Town Watch
44:16 Loom
Lair
6:05 Loom
13:23 Feudal Age
20:48 Castle Age
21:02 Scale Barding Armor
22:32 Scale Mail Armor
25:51 Stone Mining
28:02 Double-Bit Axe
30:22 Town Watch
39:58 Gold Mining
Pjoddiboy
15:37 Feudal Age
18:21 Loom
20:01 Town Watch
21:55 Fletching
22:05 Padded Archer Armor
22:06 Scale Mail Armor
22:16 Forging
25:16 Castle Age
24:50 Wheelbarrow
24:05 Fishing Lines
26:37 Bodkin Arrow
26:58 Leather Archer Armor
26:59 Chain Mail Armor
26:57 Medium Warships
26:40 Gillnets
27:58 Iron Casting
27:38 Double-Bit Axe
28:57 Redemption
29:04 Bow Saw
29:32 Hand Cart
31:59 Imperial Age
30:01 Clinker Construction
32:28 Fervor
32:33 Town Patrol
33:27 Block Printing
34:03 Sanctity
33:36 Capped Ram
33:38 Pikeman
34:50 Ballistics
35:08 Murder Holes
35:59 Bloodlines
36:44 Ring Archer Armor
36:35 Elite Skirmisher
37:22 Horse Collar
37:39 Stone Mining
37:39 Gold Mining
42:08 Chemistry
41:10 Bracer
43:06 Conscription
43:10 Supremacy
42:52 Inquisition
43:48 Illumination
44:48 Two-Man Saw
Mapuche Mayer
5:37 Loom
16:20 Feudal Age
16:48 Double-Bit Axe
17:13 Fishing Lines
19:04 Stone Mining
19:09 Gold Mining
21:19 Castle Age
22:52 Wheelbarrow
22:30 Bow Saw
22:40 Gillnets
27:37 Imperial Age
26:01 Fletching
26:11 Padded Archer Armor
26:36 Town Watch
27:33 Ballistics
27:28 Horse Collar
27:54 Bodkin Arrow
28:15 Leather Archer Armor
28:22 Hand Cart
29:18 Conscription
32:01 Chemistry
34:33 Bracer
36:15 Caciques
36:19 Heavy Plow
38:43 Ring Archer Armor
38:53 Forging
38:43 Scale Mail Armor
elijahj.cooper
5:40 Loom
15:37 Feudal Age
19:06 Castle Age
20:35 Town Watch
21:28 Wheelbarrow
26:55 Man-at-Arms
27:37 Squires
40:55 Imperial Age
39:16 Forging
HIT_007
7:54 Loom
14:56 Feudal Age
19:47 Fletching
21:03 Padded Archer Armor
30:08 Castle Age
Fontein
14:14 Loom
16:39 Feudal Age
20:54 Padded Archer Armor
32:48 Castle Age
34:00 Capped Ram
Connection lost

Rejoining the realm…

Still unreachable

The connection could not be restored.

Session expired

The server has moved on; the page needs a fresh start.